 Dungeon Sprint DCSS version 0.29.1-4-g47bece8355 (webtiles) character file.

Game seed: 9051319073820721762

12810 boopmooplesden the Warrior (level 11, -15/118 HPs)
             Began as a Minotaur Berserker on Dec 11, 2022.
             Was a High Priest of Trog.
             Demolished by an orc knight
             ... wielding a +1 glaive of venom
              (39 damage)
             ... in the Dungeon (Sprint IX: "|||||||||||||||||||||||||||||").
             The game lasted 00:04:02 (3264 turns).

boopmooplesden the Warrior (Minotaur Berserker)     Turns: 3264, Time: 00:04:03

Health: -15/118    AC: 20    Str: 25    XL:     11   Next: 67%
Magic:  10/10      EV: 14    Int: 13    God:    Trog [*****.]
Gold:   1276       SH:  0    Dex: 11    Spells: 10/10 levels left

rFire   + . .      SeeInvis .   l - +4 quarterstaff (speed)
rCold   . . .      Faith    .   (shield currently unavailable)
rNeg    . . .      Spirit   .   A - +3 scale mail {rF+}
rPois   .          Reflect  .   (helmet restricted)
rElec   .          Harm     .   (no cloak)
rCorr   .          Rampage  .   y - +0 pair of gloves
Will    .....      NoTele   +   x - +2 pair of boots of Filigreed Curiosity {*Corrode Int+6}
Stlth   +.........              (no amulet)
HPRegen 0.29/turn               o - +2 ring of protection
MPRegen 0.12/turn               n - +3 ring of intelligence

@: on berserk cooldown, slowed, very slow
A: horns 2, retaliatory headbutt
a: Renounce Religion, Berserk, Trog's Hand, Brothers in Arms


You were in the Dungeon.
You worshipped Trog.
Trog was extremely pleased with you.
You visited 1 branch You collected 1276 gold pieces.

Inventory:

Hand Weapons
 a - a +0 hand axe
 k - a +3 war axe of freezing
 l - a +4 quarterstaff of speed (weapon)
 t - a +6 quarterstaff
 u - a +2 battleaxe of flaming
 v - a +3 lajatang
 B - a +1 antimagic executioner's axe
Missiles
 z - 7 javelins (quivered)
Armour
 b - a +0 animal skin
 m - a +1 scale mail
 x - the +2 pair of boots of Filigreed Curiosity (worn) {*Corrode Int+6}
   (You acquired it in the Dungeon)

   Int:       It affects your intelligence (+6).
   *Corrode:  It may corrode you when you take damage.
 y - a +0 pair of gloves (worn)
 A - a +3 scale mail of fire resistance (worn)
 C - a +0 plate armour
Jewellery
 n - a +3 ring of intelligence (right hand)
 o - a +2 ring of protection (left hand)
Wands
 j - a wand of light (10)
 w - a wand of digging (1)
Scrolls
 h - 3 scrolls of blinking
 p - a scroll of identify
 q - a scroll of enchant weapon
 r - 3 scrolls of butterflies
 s - a scroll of fear
Potions
 c - 6 potions of curing
 d - 2 potions of heal wounds
 e - 3 potions of haste
 f - 4 potions of magic
 g - a potion of berserk rage
 i - a potion of invisibility


   Skills:
 + Level 17.9 Fighting
 + Level 17.7 Axes
 + Level 16.1 Staves
 + Level 14.8 Armour
 + Level 11.5 Dodging
 + Level 2.5 Stealth


You had 10 spell levels left.
You didn't know any spells.
Your spell library was empty.

Dungeon Overview and Level Annotations

Branches:
Dungeon (1/1)

Altars:
Cheibriados
Dithmenos
Elyvilon
Fedhas
Gozag
Hepliaklqana
Kikubaaqudgha
Makhleb
Nemelex Xobeh
Okawaru
Qazlal
Ru
Sif Muna
Trog
Uskayaw
Vehumet
Wu Jian
Xom
Yredelemnul
Zin
The Shining One
Jiyva
Lugonu

Shops:
D [(


Innate Abilities, Weirdness & Mutations

You have a pair of horns on your head.
You reflexively headbutt those who attack you in melee.


Message History

The orc knight hits you but does no damage.
You hit the orc knight.
You headbutt the orc knight, but do no damage.
The orc knight is lightly wounded.
You hit the orc knight. You headbutt the orc knight!
The orc knight is moderately wounded.
You hit the orc knight.
The orc knight is moderately wounded.
The orc knight hits you but does no damage.
An orc knight comes into view. It is wielding a +0 battleaxe.
You barely miss the orc knight.
The orc knight shouts!
You headbutt the orc knight.
The orc knight is moderately wounded.
You sock the orc knight!
The orc knight is heavily wounded.
You barely miss the orc knight.
You headbutt the orc knight, but do no damage.
The orc knight is heavily wounded.
You thump the orc knight! You headbutt the orc knight.
The orc knight is almost dead.
The orc knight roars a battlecry!
The orc knight closely misses you.
You hit the orc knight but do no damage.
The orc knight is almost dead.
You are no longer berserk.
You are exhausted.
You feel yourself slow down.
You hit the orc knight. You headbutt the orc knight.
You kill the orc knight!
Trog accepts your kill.
Your Staves skill increases to level 16!
You completely miss the orc knight.
The orc knight hits you with a +0 battleaxe!!
* * * LOW HITPOINT WARNING * * *
The orc knight closely misses you.
There is an open door to Orc:2, spattered with blood here.
Your stone giant goes berserk!
The orc knight hits you from afar with a +1 glaive of venom!!!
You die...

▓▓▓▓▓▓▓▓▓▓▓▓▓▓▓▓▓▓▓▓▓▓▓▓▓
oooo$$oo@C..)..))))))'...
▓▓▓▓▓▓▓▓▓▓▓▓▓▓▓▓▓▓▓▓▓▓▓▓▓▓▓▓▓▓▓▓▓
.......................).........
▓▓▓▓▓▓▓▓▓▓▓▓▓▓▓▓▓▓▓▓▓▓▓▓▓▓▓▓▓▓▓▓▓
..'.(....÷.....†......††††.......
▓▓▓▓▓▓▓▓▓▓▓▓▓▓▓▓▓▓▓▓▓▓▓▓▓▓▓▓▓▓▓▓▓
.................................
▓▓▓▓▓▓▓▓▓▓▓▓▓▓▓▓▓▓▓▓▓▓▓▓▓▓▓▓▓▓▓▓▓
...).)...[[.)?.'_________________


You could see 4 orc knights, an orc warrior (strong) and a friendly stone giant
(summoned, berserk).

Vanquished Creatures
  2 hydras (D)
  A centaur warrior (D)
  A death yak (D)
  Urug (D)
  2 lindwurms (D)
  2 orc knights (D)
  An ugly thing (D)
  3 elephants (D)
  A cane toad (D)
  2 unseen horrors (D)
  2 komodo dragons (D)
  A kobold demonologist (D)
  3 tyrant leeches (D)
  A blink frog (D)
  A slime creature (D)
  2 wraiths (D)
  2 yaks (D)
  2 wyverns (D)
  3 basilisks (D)
  2 water moccasins (D)
  6 orc warriors (D)
  An ogre (D)
  A kobold brigand (D)
  A bullfrog (D)
  A scorpion (D)
  A hound (D)
  4 orc priests (D)
  2 iguanas (D)
  An orc wizard (D)
  3 worms (D)
  A dart slug (D)
  4 orcs (D)
  A goblin (D)
  A hobgoblin (D)
  A bat (D)
  A rat (D)
65 creatures vanquished.

Vanquished Creatures (collateral kills)
  An orc high priest (D)
  An orc knight (D)
  8 orc warriors (D)
  An orc (D)
11 creatures vanquished.

Grand Total: 76 creatures vanquished

Notes
Turn   | Place    | Note
-------+----------+-------------------------------------------
     0 | D        | boopmooplesden the Minotaur Berserker began the quest for
                  | the Orb.
     0 | D        | Reached XP level 1. HP: 19/19 MP: 0/0
    12 | D        | Reached ** piety under Trog
   486 | D        | Noticed an iguana
   486 | D        | Noticed an iguana
   486 | D        | Noticed a hound
   486 | D        | Noticed a scorpion
   486 | D        | Noticed an ogre
   489 | D        | Killed an ogre
   490 | D        | Reached XP level 2. HP: 34/34 MP: 1/1
   490 | D        | Reached XP level 3. HP: 39/39 MP: 2/2
   490 | D        | Reached XP level 4. HP: 47/47 MP: 3/3
   492 | D        | Killed a scorpion
   492 | D        | Reached *** piety under Trog
   493 | D        | Reached skill level 5 in Dodging
   493 | D        | Reached XP level 5. HP: 53/53 MP: 4/4
   503 | D        | Reached skill level 5 in Armour
   722 | D        | Found a snail-covered altar of Cheibriados.
   722 | D        | Found a shadowy altar of Dithmenos.
   722 | D        | Found a white marble altar of Elyvilon.
   722 | D        | Found a blossoming altar of Fedhas.
   722 | D        | Found an opulent altar of Gozag.
   723 | D        | Found a hazy altar of Hepliaklqana.
   724 | D        | Found a viscous altar of Jiyva.
   725 | D        | Found an ancient bone altar of Kikubaaqudgha.
   726 | D        | Found a corrupted altar of Lugonu.
   727 | D        | Found a burning altar of Makhleb.
   728 | D        | Found a sparkling altar of Nemelex Xobeh.
   729 | D        | Found an iron altar of Okawaru.
   730 | D        | Found a stormy altar of Qazlal.
   731 | D        | Found a sacrificial altar of Ru.
   732 | D        | Found a shimmering blue altar of Sif Muna.
   733 | D        | Found a bloodstained altar of Trog.
   734 | D        | Found a hide-covered altar of Uskayaw.
   735 | D        | Found a radiant altar of Vehumet.
   736 | D        | Found an ornate altar of the Wu Jian Council.
   737 | D        | Found a shimmering altar of Xom.
   738 | D        | Found a basalt altar of Yredelemnul.
   739 | D        | Found a glowing silver altar of Zin.
   740 | D        | Found a glowing golden altar of the Shining One.
   781 | D        | Noticed a wraith
   781 | D        | Noticed a yak
   781 | D        | Noticed a wraith
   785 | D        | Reached skill level 10 in Axes
   785 | D        | Reached XP level 6. HP: 66/66 MP: 5/5
   787 | D        | Killed a wraith
   787 | D        | Reached **** piety under Trog
   788 | D        | Reached skill level 10 in Fighting
   790 | D        | Killed an unseen horror
   791 | D        | Reached skill level 1 in Stealth
   791 | D        | Reached XP level 7. HP: 75/75 MP: 6/6
   795 | D        | Killed a yak
   798 | D        | Killed a wraith
   798 | D        | Reached ***** piety under Trog
   799 | D        | Reached XP level 8. HP: 85/85 MP: 7/7
   988 | D        | Noticed a slime creature
   988 | D        | Noticed an eight-headed hydra
   988 | D        | Noticed a centaur warrior
   988 | D        | Noticed a kobold demonologist
   988 | D        | Noticed a brown ugly thing
   993 | D        | Killed a brown ugly thing
  1003 | D        | Killed a kobold demonologist
  1003 | D        | Received a gift from Trog
  1004 | D        | Reached skill level 15 in Axes
  1006 | D        | Killed a centaur warrior
  1007 | D        | Reached XP level 9. HP: 95/95 MP: 8/8
  1010 | D        | Killed an eight-headed hydra
  1013 | D        | Reached skill level 10 in Armour
  1018 | D        | Killed an unseen horror
  1019 | D        | Reached skill level 15 in Fighting
  1019 | D        | Reached skill level 10 in Dodging
  1493 | D        | Noticed a death yak
  1493 | D        | Noticed a komodo dragon
  1493 | D        | Noticed a komodo dragon
  1500 | D        | Killed a komodo dragon
  1503 | D        | Noticed a five-headed hydra
  1506 | D        | Killed a komodo dragon
  1514 | D        | Killed a death yak
  1515 | D        | Reached XP level 10. HP: 105/105 MP: 9/9
  1526 | D        | Killed a five-headed hydra
  1545 | D        | Received a gift from Trog
  1974 | D        | Noticed an elephant
  1974 | D        | Noticed an elephant
  1978 | D        | Noticed a cane toad
  1979 | D        | Noticed an elephant
  1987 | D        | Reached ****** piety under Trog
  1988 | D        | Reached skill level 10 in Staves
  1992 | D        | Killed an elephant
  1996 | D        | Killed an elephant
  1996 | D        | Received a gift from Trog
  2000 | D        | Killed a cane toad
  2006 | D        | Killed an elephant
  2123 | D        | Reached XP level 11. HP: 114/114 MP: 10/10
  2123 | D        | Noticed a lindwurm
  2133 | D        | Received a gift from Trog
  2142 | D        | Noticed a lindwurm
  2146 | D        | Killed a lindwurm
  2157 | D        | Killed a lindwurm
  2183 | D        | Acquired the +2 pair of boots of Filigreed Curiosity
                  | {*Corrode Int+6}
  2490 | D        | Noticed Urug
  2506 | D        | Killed Urug
  2783 | D        | Received a gift from Trog
  2804 | D        | Received a gift from Trog
  2923 | D        | Noticed an orc high priest
  2932 | D        | Killed an orc high priest
  2932 | D        | Received a gift from Trog
  2933 | D        | Reached skill level 15 in Staves
  2933 | D        | Noticed an orc knight
  2936 | D        | Killed an orc knight
  3235 | D        | Found Louk Maa's Antique Weapon Boutique.
  3235 | D        | Noticed an orc knight
  3235 | D        | Noticed an orc knight
  3235 | D        | Noticed an orc knight
  3235 | D        | Noticed an orc knight
  3249 | D        | Killed an orc knight
  3250 | D        | Found Timy's Armour Shop.
  3250 | D        | Noticed an orc knight
  3255 | D        | Noticed an orc knight
  3261 | D        | Killed an orc knight
  3264 | D        | Demolished by an orc knight

Illustrated notes

Levels and vault maps discovered:
D:        linesprint [early_d, line_temple, items_1, d_10, items_2, lair_1,
          lair_end, items_3, orc_1, orc_end, items_4, d_15, swamp_1, shoals_1,
          snake_1, spider_1, d_20, vaults_1, items_5, swamp_end, shoals_end,
          snake_end, spider_end, vaults_end, d_27, items_6, zot_1, zot_end,
          crypt_end, forest_end, elf_end, slime_end, tomb_end, abyss_end,
          pan_hell_end]

Skill      XL: |  1  2  3  4  5  6  7  8  9 10 11 |
---------------+----------------------------------+-----
Fighting       | 7 8 9 11 12 14 15 16 17 | 17.9
Axes           | 7 8 10 12 13 15 17 | 17.7
Armour         | 4 5 6 7 9 11 13 14 | 14.8
Dodging        | 4 5 6 7 8 9 10 11 | 11.5
Stealth        | 1 2 |  2.5
Staves         | 6 12 16 | 16.1

Action                   |  1- 3 |  4- 6 |  7- 9 | 10-12 || total
-------------------------+-------+-------+-------+-------++-------
Melee: Hand axe          |    18 |    11 |       |       ||    29
       Headbutt          |     3 |     6 |    14 |    40 ||    63
       Punch             |     1 |       |       |       ||     1
       War axe           |       |     7 |    21 |       ||    28
       Quarterstaff      |       |       |    28 |   181 ||   209
Invok: Berserk           |     1 |     1 |     2 |     5 ||     9
       Brothers in Arms  |       |       |       |     2 ||     2
  Use: Potion            |       |       |       |     2 ||     2
       Scroll            |       |       |       |     1 ||     1
Armor: Animal skin       |     4 |       |       |       ||     4
       Scale mail        |       |     1 |    11 |    31 ||    43
Dodge: Dodged            |    11 |     3 |    16 |    70 ||   100
